 Dungeon Crawl Stone Soup version 0.26-a0-466-g989023bd0d (webtiles) character file.

Game seed: 12907554662629658003

309 Ishchenko the Slasher (level 6, 0/48 HPs)
             Began as a Human Berserker on July 29, 2020.
             Was a Priest of Trog.
             Succumbed to an orc's poison
             ... on level 3 of the Dungeon.
             The game lasted 00:06:46 (3910 turns).

Ishchenko the Slasher (Human Berserker)             Turns: 3910, Time: 00:06:46

Health: 0/48       AC:  9    Str: 20    XL:     6   Next: 69%
Magic:  6/6        EV:  8    Int:  7    God:    Trog [***...]
Gold:   157        SH:  0    Dex: 12    Spells: 5/5 levels left

rFire    . . .     SeeInvis .   a - +0 falchion
rCold    . . .     Faith    .   (no shield)
rNeg     . . .     Spirit   .   i - +0 chain mail
rPois    .         Reflect  .   (no helmet)
rElec    .         Harm     .   (no cloak)
rCorr    .         Rnd*Tele +   (no gloves)
MR       .....                  (no boots)
Stlth    ..........             (no amulet)
HPRegen  0.16/turn              k - ring of teleportation (curse)
MPRegen  0.10/turn              (no ring)

@: lethally poisoned (0 -> -9), berserk cooldown, flying, slowed, very slow
A: no striking features
a: Berserk, Trog's Hand, Renounce Religion


You were on level 3 of the Dungeon.
You worshipped Trog.
Trog was most pleased with you.
You visited 1 branch of the dungeon, and saw 3 of its levels.
You also visited: Sewer.

You collected 157 gold pieces.

Inventory:

Hand Weapons
 a - a +0 falchion (weapon)
Armour
 i - a +0 chain mail (worn)
Jewellery
 k - a cursed ring of teleportation (left hand)
Scrolls
 b - 2 scrolls of enchant weapon {unknown}
 d - 3 scrolls of teleportation {unknown}
 g - a scroll of magic mapping {unknown}
 h - a scroll of noise {unknown}
 j - a scroll of enchant armour {unknown}
 m - a scroll of remove curse {unknown}
 q - a scroll of fog {unknown}
Potions
 c - 6 potions of flight
 e - a potion of degeneration {unknown}
 f - 7 potions of curing {unknown}
 l - 4 potions of heal wounds {unknown}
 n - a potion of brilliance {unknown}
 o - a potion of might {unknown}
 p - a potion of stabbing {unknown}


   Skills:
 + Level 4.1 Fighting
 + Level 4.9 Long Blades
 + Level 3.7 Armour
 + Level 2.8 Dodging


You had 5 spell levels left.
You didn't know any spells.
Your spell library was empty.

Dungeon Overview and Level Annotations

Branches:
Dungeon (3/15)              Sewer (visited)

Altars:


Message History

You feel sick.
There is a lethal amount of poison in your body!
There is a lethal amount of poison in your body!
There is a lethal amount of poison in your body!
There is a lethal amount of poison in your body!
There is a lethal amount of poison in your body!
You are too berserk!
You are too berserk!
* * * LOW HITPOINT WARNING * * *
You feel sick.
You feel a strong urge to attack something.
* * * LOW HITPOINT WARNING * * *
You feel sick.
You are no longer berserk.
You are exhausted.
You feel yourself slow down.
It was a potion of flight.
You feel very buoyant.
You fly up into the air.
You die...

#.######.......#
#.# #.####### .#..
#.# #.# .#.. #.#
#.# ..'. #.# #.#
..# #.######.# ...#
#........######.P.#
###########..))...#
#....@..†)...#
#.########...# #.#
..# #.# .# #.# ..
#.# .. #.# . #.#
#.#


There were no monsters in sight!

Vanquished Creatures
  A big kobold (Sewer)
  An orc priest (D:3)
  An orc wizard (D:3)
  4 adders
  3 river rats (Sewer)
  An ooze (Sewer)
  3 worms (D:3)
  3 dart slugs (D:2)
  2 leopard geckos
  3 orcs (D:3)
  5 ball pythons
  8 bats
  4 giant cockroaches
  10 goblins
  4 hobgoblins (D:2)
  4 jackals (D:2)
  17 kobolds
  2 frilled lizards
  28 rats
104 creatures vanquished.

Vanquished Creatures (others)
  9 plants (D:3)
9 creatures vanquished.

Grand Total: 113 creatures vanquished

Notes
Turn   | Place    | Note
-------+----------+-------------------------------------------
     0 | D:1      | Ishchenko the Human Berserker began the quest for the Orb.
     0 | D:1      | Reached XP level 1. HP: 18/18 MP: 1/1
   439 | D:1      | Reached XP level 2. HP: 23/24 MP: 2/2
   754 | D:2      | Reached XP level 3. HP: 28/29 MP: 3/3
   994 | D:2      | Reached ** piety under Trog
  1312 | D:3      | Reached XP level 4. HP: 27/35 MP: 4/4
  1697 | D:3      | Found a glowing drain.
  1732 | Sewer    | Entered a sewer
  2315 | Sewer    | Reached XP level 5. HP: 27/41 MP: 5/5
  2321 | Sewer    | Reached *** piety under Trog
  3279 | Sewer    | Noticed a big kobold
  3288 | Sewer    | Killed a big kobold
  3288 | Sewer    | Reached XP level 6. HP: 48/48 MP: 6/6
  3907 | D:3      | HP: 3/72 [poisoned by an orc]
  3910 | D:3      | Succumbed to an orc's poison

Illustrated notes

Levels and vault maps discovered:
D:1:      dpeg_arrival_more_subterranean_lakeside_camping, layout_loops_ring
D:2:      layout_rooms
D:3:      layout_basic, cheibrodos_sewer_entry_bend,
          chequers_ecumenical_altar_lobes

Skill      XL: |  1  2  3  4  5 |
---------------+----------------+-----
Long Blades    | 4 |  4.9
Armour         | 3 |  3.7
Fighting       | 4 |  4.1
Dodging        | |  2.8

Action                   |  1- 3 |  4- 6 || total
-------------------------+-------+-------++-------
Melee: Falchion          |   124 |   228 ||   352
Invok: Berserk           |       |     5 ||     5
  Use: Potion            |       |     1 ||     1
Armor: Animal skin       |     8 |       ||     8
       Chain mail        |    70 |   192 ||   262
Dodge: Dodged            |    60 |   135 ||   195
       Rpst.: Falchion   |    20 |    39 ||    59

Table legend: (Time is in decaauts)
 A = Elapsed time spent in this place.
 B = Non-inter-level travel time spent in this place.
 C = Inter-level travel time spent in this place.
 D = Time resting spent in this place.
 E = Time spent auto-exploring this place.
 F = Levels seen in this place.
 G = Mean time per level.
                   A        B        C        D        E       F      G
               +--------+--------+--------+--------+--------+-----+--------+
         Total |   4015 |   3957 |     58 |   1156 |   2169 |   4 | 1003.8 |
       Dungeon |   1987 |   1929 |     58 |      0 |   1550 |   3 |  662.3 |
         Sewer |   2028 |   2028 |      0 |   1156 |    619 |   1 | 2028.0 |
               +--------+--------+--------+--------+--------+-----+--------+

Top non-repeatable levels by time:
   Sewer: 2028 daAuts
     D:2: 703 daAuts
     D:3: 671 daAuts
     D:1: 612 daAuts
